 Dungeon Crawl Stone Soup version 0.29.1-13-g9f3cf754e1 (webtiles) character file.

Game seed: 3241751631523411874

59150 hawla the Eclecticist (level 15, -4/165 HPs)
             Began as a Meteoran Ice Elementalist on Jan 24, 2023.
             Was a High Priest of Vehumet.
             Slain by a wolf spider (10 damage)
             ... on level 1 of the Spider Nest on Jan 25, 2023.
             The game lasted 00:43:40 (8357 turns).

hawla the Eclecticist (Meteoran Ice Elementalist)   Turns: 8357, Time: 00:43:41

Health: -4/165     AC: 27    Str: 11 (12) XL:     15   Next: 77%
Magic:  0/45       EV:  2    Int: 24 (25) God:    Vehumet [*****.]
Gold:   88         SH:  0    Dex: 20 (21) Spells: 21/47 levels left

rFire   . . .      SeeInvis .   E - +8 dagger of the Establishment {venom, Int+2}
rCold   . . .      Faith    .   (no shield)
rNeg    . . .      Spirit   .   (body armour currently unavailable)
rPois   +          Reflect  .   (helmet currently unavailable)
rElec   +          Harm     .   (cloak currently unavailable)
rCorr   .          Rampage  .   (gloves currently unavailable)
Will    +....      NoTele   +   (boots currently unavailable)
Stlth   +.........              (no amulet)
HPRegen 0.37/turn               u - ring "Hichon" {rElec Dex+6 Slay+4 Stlth-}
MPRegen 0.29/turn               v - ring of magical power

@: tree-form, glowing
A: stationary, stasis, torment immunity, boosted hp, sense surroundings 2,
otherworldly, glowing, explore regen
a: Renounce Religion


You were on level 1 of the Spider Nest.
You worshipped Vehumet.
Vehumet was extremely pleased with you.
You were a tree.
You visited 4 branches of the dungeon, and saw 17 of its levels.

You collected 968 gold pieces.
You spent 880 gold pieces at shops.

Inventory:

Hand Weapons
 E - the +8 dagger of the Establishment (weapon) {venom, Int+2}
   (You bought it in a shop on level 5 of the Dungeon)

   It poisons the flesh of those it strikes.
   Int:       It affects your intelligence (+2).
Armour
 l - a +2 pair of gloves of hurling (melded)
 o - a +0 pair of boots (melded)
 r - a +0 cloak (melded)
 w - a +2 helmet (melded)
 L - a +2 robe of positive energy (melded)
Jewellery
 c - a ring of see invisible
 p - a +4 ring of protection
 s - a +6 ring of intelligence
 u - the ring "Hichon" (left branch) {rElec Dex+6 Slay+4 Stlth-}
   (You found it on level 7 of the Dungeon)

   [ring of slaying]

   Dex:       It affects your dexterity (+6).
   Slay:      It affects your accuracy & damage with ranged weapons and melee
   (+4).
   rElec:     It insulates you from electricity.
   Stlth:     It makes you less stealthy.
 v - a ring of magical power (right branch)
 I - a ring of fire
 K - a +4 ring of protection
Wands
 k - a wand of iceblast (16)
 m - a wand of mindburst (16) (quivered)
 n - a wand of light (1)
 y - a wand of paralysis (7)
 z - a wand of digging (9)
 C - a wand of polymorph (6)
 D - a wand of flame (12)
Scrolls
 a - a scroll of fear {unknown}
 b - a scroll of magic mapping
 d - 6 scrolls of amnesia
 e - 2 scrolls of enchant weapon
 f - 8 scrolls of teleportation
 g - 4 scrolls of identify
 j - a scroll of silence
 q - 3 scrolls of blinking
 B - 3 scrolls of summoning
 G - a scroll of butterflies
 N - a scroll of torment {unknown}
Potions
 h - 9 potions of curing
 i - a potion of ambrosia
 t - 2 potions of flight
 x - a potion of heal wounds
 A - a potion of haste
 F - 2 potions of resistance
 J - a potion of brilliance {unknown}
 M - a potion of cancellation {unknown}


   Skills:
 + Level 4.2 Fighting
 + Level 7.1 Short Blades
 + Level 6.3 Dodging
 - Level 1.4 Stealth
 + Level 16.6 Spellcasting
 + Level 11.9 Conjurations
 + Level 3.6 Necromancy
 + Level 2.6 Translocations
 + Level 12.8 Ice Magic
 + Level 7.2 Air Magic
 + Level 4.0 Earth Magic
 + Level 4.5 Evocations


You had 21 spell levels left.
You knew the following spells:

 Your Spells              Type           Power      Damage    Failure   Level
a - Freeze                Ice            100%       1d11      0%          1
b - Frozen Ramparts       Ice            100%       1d16      1%          3
c - Hailstorm             Conj/Ice       68%        3d14      1%          4
d - Freezing Cloud        Conj/Ice/Air   31%        6-21      1%          5
e - Iskenderun's Mystic   Conj/Tloc      53%        2d11      1%          4
f - Airstrike             Air            26%        2d(4-20)  1%          4
g - Borgnjor's Vile Clut  Necr/Erth      19%        N/A       16%         5

Your spell library contained the following spells:

 Spells                   Type           Power      Damage    Failure   Level
 Sticky Flame             Conj/Fire      48%        2d7       1%          4
 Dazzling Flash           Conj/Hex       96%        N/A       1%          3
 Mephitic Cloud           Conj/Pois/Air  50%        N/A       1%          3
 Ozocubu's Armour         Ice            69%        N/A       1%          3
 Summon Ice Beast         Ice/Summ       50%        N/A       1%          4
 Fireball                 Conj/Fire      24%        3d11      1%          5
 Iskenderun's Battlesphe  Conj           67%        2d12      1%          5
 Ignite Poison            Fire/Tmut/Pois 19%        N/A       2%          3
 Conjure Ball Lightning   Conj/Air       30%        3x3d10    2%          6
 Orb of Destruction       Conj           33%        9d10      4%          7
 Metabolic Englaciation   Hex/Ice        25%        N/A       5%          5
 Tukima's Dance           Hex            19%        N/A       9%          3
 Starburst                Conj/Fire      24%        6d8       10%         6
 Leda's Liquefaction      Hex/Erth       14%        N/A       12%         4
 Petrify                  Tmut/Erth      29%        N/A       12%         4
 Summon Mana Viper        Hex/Summ       19%        N/A       58%         5
 Statue Form              Tmut/Erth      19%        N/A       87%         6
 Monstrous Menagerie      Summ           9%         N/A       100%        7


Dungeon Overview and Level Annotations

Branches:
Dungeon (11/15) Zot: 633   Temple (1/1) D:5 Zot: 544    Lair (4/5) D:11 Zot: 72
 Spider (1/4) Lair:3 Zot: 582     Orc (0/2) D:11
  Swamp: Lair:2-3    Shoals: Lair:2-3     Slime: Lair:4-5

Altars:
Ashenzari
Cheibriados
Dithmenos
Elyvilon
Fedhas
Gozag
Hepliaklqana
Kikubaaqudgha
Makhleb
Nemelex Xobeh
Okawaru
Qazlal
Ru
Sif Muna
Trog
Uskayaw
Vehumet
Wu Jian
Xom
Yredelemnul
Zin
The Shining One

Shops:
D:5 *   D:6 (   D:7 :   D:10 !

Annotations:
D:3 3 runed translucent doors, benadryl's ghost, amateur NaAr
D:10 exclusion: shadow


Innate Abilities, Weirdness & Mutations

You are a tree.
Your roots penetrate the ground, keeping you stationary.
You cannot be teleported.
You are immune to unholy pain and torment.
Your maximum health is greatly increased.
Your equipment is partially melded.
You passively map the area around you.
You are easily found by Zot.
You glow in the dark.
You regain HP and MP as you explore.


Message History

Something hits you but does no damage. Something hits you!
Something stings you but does no damage.
The wolf spider hits you but does no damage.
The wolf spider bites you but does no damage.
You hit the wolf spider.
The wolf spider is poisoned.
The wolf spider is severely wounded.
The wolf spider hits you but does no damage.
The wolf spider bites you but does no damage.
The demonic crawler hits you!
* * * LOW HITPOINT WARNING * * *
The demonic crawler hits you but does no damage. x2
The wolf spider hits you!
* * * LOW HITPOINT WARNING * * *
The wolf spider bites you but does no damage.
You feel you are being watched by something.
Something hits you!
* * * LOW HITPOINT WARNING * * *
You feel clumsy. Something hits you but does no damage.
Something stings you but does no damage.
You feel much better.
The wolf spider hits you but does no damage.
The wolf spider bites you but does no damage.
The wolf spider hits you!
* * * LOW HITPOINT WARNING * * *
The wolf spider bites you.
* * * LOW HITPOINT WARNING * * *
The demonic crawler hits you.
* * * LOW HITPOINT WARNING * * *
The demonic crawler hits you!
* * * LOW HITPOINT WARNING * * *
The demonic crawler completely misses you.
You feel you are being watched by something.
Something hits you!
* * * LOW HITPOINT WARNING * * *
Something hits you!
* * * LOW HITPOINT WARNING * * *
Something stings you but does no damage.
The wolf spider hits you!
You die...

* , , ,
.....#..^####..**
..$........#... ,
,
...............,
, ,
.............##*
* ,
..../.........#,
, ..............#
^ ,
/.....s........ ,
^......♣s..#... ,
, , ,,
......s<....... ,
......††s...... ,
, ,
.......^....... ,
, ,, ,
............... ,
...............,
, ,
,...............
, , , ,,
,...............
, , ,
,...........##..
,,


You could see an emperor scorpion, a demonic crawler and 2 wolf spiders.

Vanquished Creatures
  Josephine (D:11)
  2 hydras (Lair:4)
  A death yak (Lair:4)
  An orb spider (Lair:3)
  A deep elf pyromancer (D:9)
  A cyclops (D:11)
  A manticore (D:10)
  8 elephants
  A black mamba (Lair:4)
  3 cane toads
  Psyche (D:8)
  2 rime drakes
  7 komodo dragons
  A polar bear (Lair:3)
  A troll (D:10)
  A hornet (Lair:4)
  4 blink frogs (Lair:1)
  12 dream sheep (Lair:3)
  A shadow (D:10)
  3 wyverns
  Grum (D:10)
  18 yaks
  4 wraiths (D:11)
  7 redbacks
  2 steam dragons
  An acid dragon (D:11)
  6 water moccasins
  An orc warrior (D:10)
  An ice beast (D:6)
  2 black bears
  4 ogres
  15 wolves
  2 centaurs (D:10)
  13 bullfrogs
  3 necrophages
  2 scorpions
  13 wights
  15 killer bees
  3 howler monkeys
  A hound (D:5)
  4 jellies
  A gnoll bouda (D:7)
  10 orc priests
  7 iguanas
  8 orc wizards
  8 gnolls (D:7)
  6 adders
  2 shadow imps (D:6)
  4 white imps
  A worm (D:3)
  A dart slug (D:4)
  28 orcs
  An endoplasm (D:3)
  A giant cockroach (D:4)
  A goblin (D:3)
  9 hobgoblins
  2 quokkas
  4 ball pythons
  A frilled lizard (D:3)
  2 kobolds (D:4)
  A rat (D:2)
269 creatures vanquished.

Vanquished Creatures (others)
  31 fungi
  33 plants
64 creatures vanquished.

Grand Total: 333 creatures vanquished

Notes
Turn   | Place    | Note
-------+----------+-------------------------------------------
     0 | D:1      | hawla the Meteoran Ice Elementalist began the quest for the
                  | Orb.
     0 | D:1      | Reached XP level 1. HP: 14/14 MP: 5/5
    35 | D:2      | Reached XP level 2. HP: 3/20 MP: 1/6
    71 | D:2      | Found a basalt altar of Yredelemnul.
   112 | D:3      | Found a runed translucent gate.
   112 | D:3      | Found a runed translucent gate.
   112 | D:3      | Found a runed translucent gate.
   113 | D:3      | Noticed an ice beast
   116 | D:3      | Noticed benadryl's ghost (amateur NaAr)
   160 | D:3      | Reached skill level 3 in Spellcasting
   160 | D:3      | Reached XP level 3. HP: 27/27 MP: 2/8
   178 | D:3      | Reached skill level 5 in Ice Magic
   201 | D:3      | Learned a level 3 spell: Frozen Ramparts
   331 | D:4      | Reached XP level 4. HP: 26/34 MP: 5/9
   417 | D:4      | Reached XP level 5. HP: 39/39 MP: 2/11
   496 | D:4      | Learned a level 4 spell: Hailstorm
   615 | D:4      | Noticed an ogre
   624 | D:4      | Killed an ogre
   625 | D:4      | Reached XP level 6. HP: 30/46 MP: 5/12
   744 | D:4      | Found a shadowy altar of Dithmenos.
   853 | D:5      | Entered Level 5 of the Dungeon
   858 | D:5      | Identified a scroll of acquirement
   858 | D:5      | Acquired the Excursus on the Hindering Lithosphere
   887 | D:5      | Reached skill level 5 in Conjurations
   887 | D:5      | Reached XP level 7. HP: 22/51 MP: 9/13
  1011 | D:5      | Found an opulent altar of Gozag.
  1353 | D:5      | Found Veumoguf's Assorted Antiques.
  1362 | D:5      | Reached skill level 1 in Fighting
  1362 | D:5      | Reached skill level 4 in Spellcasting
  1422 | D:5      | Reached XP level 8. HP: 40/59 MP: 0/15
  1451 | D:5      | Found a staircase to the Ecumenical Temple.
  1472 | Temple   | Entered the Ecumenical Temple
  1519 | Temple   | Became a worshipper of Vehumet
  1569 | D:5      | Found a white marble altar of Elyvilon.
  1571 | D:5      | Found a hide-covered altar of Uskayaw.
  1628 | D:6      | Reached skill level 5 in Spellcasting
  1663 | D:6      | Reached skill level 6 in Spellcasting
  1785 | D:6      | Found a snail-covered altar of Cheibriados.
  1789 | D:6      | Gained mutation: You passively map the area around you.
                  | [Meteoran growth]
  1789 | D:6      | Reached XP level 9. HP: 64/64 MP: 12/19
  1859 | D:6      | Reached skill level 7 in Spellcasting
  1992 | D:6      | Found Essifyly's Antique Weapon Emporium.
  2006 | D:6      | Reached * piety under Vehumet
  2006 | D:6      | Offered knowledge of Sandblast by Vehumet.
  2044 | D:6      | Reached skill level 8 in Spellcasting
  2217 | D:6      | Found an ancient bone altar of Kikubaaqudgha.
  2305 | D:7      | Identified the ring "Hichon" {rElec Dex+6 Slay+4 Stlth-}
  2431 | D:7      | Offered knowledge of Foxfire by Vehumet.
  2440 | D:7      | Found Ofasog's Vocational Training.
  2448 | D:7      | Reached ** piety under Vehumet
  2449 | D:7      | Reached XP level 10. HP: 20/71 MP: 9/23
  2549 | D:7      | Found a blossoming altar of Fedhas.
  2559 | D:7      | Reached skill level 9 in Spellcasting
  2867 | D:7      | Found a glowing silver altar of Zin.
  3282 | D:8      | Noticed Psyche
  3287 | D:8      | Killed Psyche
  3288 | D:8      | Reached skill level 10 in Spellcasting
  3393 | D:8      | Found a sparkling altar of Nemelex Xobeh.
  3596 | D:5      | Bought a transparent dagger for 210 gold pieces
  3596 | D:5      | Identified the +8 dagger of the Establishment {venom,
                  | Int+2} (You bought it in a shop on level 5 of the Dungeon)
  3596 | D:5      | Bought a scroll labelled VAYNAXT JOITIN for 30 gold pieces
  3596 | D:5      | Bought a blue potion for 27 gold pieces
  3596 | D:5      | Bought a scroll labelled CALA KOHYSCHA for 30 gold pieces
  3759 | D:8      | Learned a level 5 spell: Freezing Cloud
  3939 | D:8      | Found a bloodstained altar of Trog.
  4119 | D:8      | Reached skill level 10 in Ice Magic
  4218 | D:8      | Found a broken altar of Ashenzari.
  4392 | D:9      | Offered knowledge of Stone Arrow by Vehumet.
  4419 | D:9      | Reached skill level 11 in Spellcasting
  4458 | D:9      | Noticed a deep elf pyromancer
  4463 | D:9      | Killed a deep elf pyromancer
  4464 | D:9      | Reached XP level 11. HP: 68/78 MP: 13/27
  4621 | D:9      | Reached *** piety under Vehumet
  4623 | D:9      | Reached skill level 1 in Air Magic
  4635 | D:9      | Learned a level 4 spell: Iskenderun's Mystic Blast
  4854 | D:9      | Found a hazy altar of Hepliaklqana.
  4920 | D:10     | Entered Level 10 of the Dungeon
  5078 | D:10     | Noticed Grum
  5093 | D:10     | Killed Grum
  5094 | D:10     | Reached skill level 12 in Spellcasting
  5202 | D:10     | Found a stormy altar of Qazlal.
  5205 | D:10     | Found a burning altar of Makhleb.
  5206 | D:10     | Found an iron altar of Okawaru.
  5223 | D:10     | Noticed a manticore
  5228 | D:10     | Killed a manticore
  5254 | D:10     | Offered knowledge of Airstrike by Vehumet.
  5311 | D:10     | Learned a level 4 spell: Airstrike
  5494 | D:10     | Found Zorroror's Distillery.
  5533 | D:10     | Bought a potion of lignification for 33 gold pieces
  5592 | D:11     | Noticed Josephine
  5601 | D:11     | Reached skill level 13 in Spellcasting
  5647 | D:11     | Found a staircase to the Orcish Mines.
  5776 | D:11     | Killed Josephine
  5796 | D:11     | Reached XP level 12. HP: 79/84 MP: 7/30
  5877 | D:11     | Found a staircase to the Lair.
  5892 | Lair:1   | Entered Level 1 of the Lair of Beasts
  5905 | Lair:1   | Reached skill level 14 in Spellcasting
  5912 | Lair:1   | Reached **** piety under Vehumet
  5913 | Lair:1   | Reached skill level 1 in Short Blades
  6210 | Lair:1   | Offered knowledge of Lightning Bolt by Vehumet.
  6219 | Lair:1   | Reached skill level 10 in Conjurations
  6219 | Lair:1   | Reached skill level 5 in Air Magic
  6392 | Lair:1   | Glimpsed the power of Zot.
  6561 | Lair:2   | You fall into a shaft and drop 2 floors!
  6561 | Lair:4   | Noticed a death yak
  6571 | Lair:4   | Killed a death yak
  6572 | Lair:4   | Reached skill level 15 in Spellcasting
  6572 | Lair:4   | Reached XP level 13. HP: 43/93 MP: 14/33
  6631 | Lair:4   | Noticed a six-headed hydra
  6639 | Lair:4   | Killed a six-headed hydra
  6640 | Lair:4   | Reached skill level 5 in Dodging
  6662 | Lair:4   | Noticed a six-headed hydra
  6668 | Lair:4   | Killed a six-headed hydra
  7055 | Lair:3   | Reached skill level 16 in Spellcasting
  7460 | D:10     | Bought a potion of experience for 550 gold pieces
  7460 | D:10     | Reached XP level 14. HP: 104/104 MP: 35/35
  7461 | D:10     | Reached XP level 15. HP: 110/110 MP: 36/36
  7943 | Lair:3   | Learned a level 5 spell: Borgnjor's Vile Clutch
  7969 | Lair:3   | Identified the +0 scale mail of the Onion {rElec}
  8045 | Lair:3   | Reached ***** piety under Vehumet
  8224 | Lair:3   | Found a hole to the Spider Nest.
  8267 | Lair:3   | Offered knowledge of Sticky Flame by Vehumet.
  8311 | Lair:3   | Glimpsed the power of Zot.
  8335 | Spider:1 | Entered Level 1 of the Spider Nest
  8352 | Spider:1 | Noticed an emperor scorpion
  8357 | Spider:1 | HP: 6/165 [something (8)]
  8357 | Spider:1 | Slain by a wolf spider

Illustrated notes

Levels and vault maps discovered:
D:1:      minmay_arrival_shoal_huts, layout_rooms
D:2:      layout_loops_corners, nicolae_ecumenical_oubliette, basic_altar,
          corexii_corridor_pit, uniq_jessica, uniq_robin,
          uniq_crazy_yiuf_cottage
D:3:      layout_rooms, serial_shops, shop, gammafunk_ghost_split
D:4:      layout_loops_ring, general_overflow_altar, kennysheep_nub
D:5:      layout_basic, gammafunk_temple_overflow_pools,
          nicolae_gozag_seed_capital, minmay_temple_entry_mini_moons,
          serial_shops, nicolae_shop_overgrown_old_shop
D:6:      minmay_spotlight, layout_gridville, amcnicky_altar_gilded,
          lemuel_crystal_altar, serial_shops, nicolae_diamond_shop
D:7:      layout_loops_cross, nicolae_overflow_hidden_temple, fedhas_altar_3,
          corner_web_ring, nicolae_shop_vocational
D:8:      layout_layer_cave, lemuel_tele_altar, mainiacjoe_overflow_24_doors,
          lightli_temple_of_fire, minmay_increasing_density, uniq_psyche
D:9:      layout_basic, nicolae_hepliaklqana_hippocampus
D:10:     layout_loops_cross, grunt_temple_overflow_open, serial_shops,
          shop_fountains, kennysheep_doodads, uniq_grum
D:11:     layout_grid_maze, due_lair_maze_entry_diamond, orc_0_dummy,
          uniq_josephine
Temple:   nicolae_temple_little_seven
Lair:1:   layout_gridlike, small_statue_intersection
Lair:2:   layout_cave_pods, elwin_shoals_entry_stream, serial_bayou_shore_b
Lair:3:   layout_cave_pods, nicolae_spider_entry_orb_guardian,
          lemuel_fruit_tree, grunt_megastairs_1, lemuel_fruit_fields
Lair:4:   layout_concentric_octagons, nzn_random_ring
Spider:1: layout_spider_delve

Skill      XL: |  1  2  3  4  5  6  7  8  9 10 11 12 13 14 15 |
---------------+----------------------------------------------+-----
Spellcasting   | 3 4 6 8 11 13 15 16 | 16.6
Ice Magic      | 5 6 7 8 10 11 12 | 12.8
Conjurations   | 3 5 6 7 9 10 11 | 11.9
Fighting       | 1 2 4 |  4.2
Evocations     | 3 4 |  4.5
Dodging        | 3 4 6 |  6.3
Air Magic      | 2 5 6 7 |  7.2
Short Blades   | 2 4 7 |  7.1
Translocations | 2 |  2.6
Necromancy     | 3 |  3.6
Earth Magic    | 4 |  4.0
Stealth        | |  1.4

Action                   |  1- 3 |  4- 6 |  7- 9 | 10-12 | 13-15 || total
-------------------------+-------+-------+-------+-------+-------++-------
Melee: Unarmed           |     6 |    12 |    39 |     1 |       ||    58
       Dagger            |       |       |       |    62 |    39 ||   101
       Punch             |       |       |       |       |     1 ||     1
 Cast: Freeze            |    28 |    13 |    45 |    17 |       ||   103
       Frozen Ramparts   |     5 |     9 |    18 |    21 |     6 ||    59
       Hailstorm         |       |     1 |    27 |    34 |     9 ||    71
       Freezing Cloud    |       |       |       |    22 |    13 ||    35
       Iskenderun's Myst |       |       |       |    62 |    24 ||    86
       Airstrike         |       |       |       |     9 |     4 ||    13
Evoke: Wand              |       |       |    10 |       |       ||    10
  Use: Scroll            |       |     5 |       |    14 |       ||    19
       Potion            |       |     2 |       |       |     5 ||     7
 Stab: Invisible         |       |       |     4 |       |       ||     4
Armor: Robe              |     9 |     4 |    42 |    30 |    18 ||   103
       Skin              |       |       |       |       |    39 ||    39
Dodge: Dodged            |    25 |     7 |    64 |    58 |    30 ||   184
